AoeStats
← ajanderson120

Black Forest

510769603Analyzed
4v4 RM · 21h ago on Oct 2, 2026· 59m 36s· 8 players
Game mode
Random Map
Map size
Large (8 player)
Population
200
Speed
Normal
Resources
Standard
Victory
Conquest
Starting age
Dark Age
Ending age
Imperial Age
RankedLock teamsTeams togetherTeam positionsShared explorationLock speedFull tech treeHidden civsTurbo modeCheats
Victory
Defeat
🇦🇷 Franks · Argentina
1139
+16
🇹🇼 Mapuche · Taiwan
1139
+16
🇹🇼 Persians · Taiwan
1048
+20
🇹🇼 Khmer · Taiwan
1016
+22
🇺🇸 Danes · United States
1176
-20
🇹🇼 Khmer · Taiwan
1151
-19
🇧🇷 Bohemians · Brazil
1125
-18
🇹🇷 Franks · Türkiye
1092
-17
ajanderson120
0:50 Loom
10:35 Feudal Age
16:48 Castle Age
14:54 Double-Bit Axe
14:57 Horse Collar
19:25 Bow Saw
20:39 Stone Mining
20:41 Gold Mining
28:12 Wheelbarrow
30:38 Imperial Age
29:05 Gold Shaft Mining
29:08 Stone Shaft Mining
28:34 Heavy Plow
28:43 Scale Mail Armor
28:53 Forging
29:00 Masonry
29:28 Hand Cart
28:59 Town Watch
29:10 Fletching
29:40 Squires
29:27 Arson
30:51 Chain Mail Armor
31:11 Iron Casting
30:18 Hamask
30:21 Pikeman
30:48 Gambesons
31:46 Ballistics
32:28 Chemistry
32:10 Conscription
31:56 Bodkin Arrow
32:22 Elite Jomsviking
33:31 Caravan
33:33 Padded Archer Armor
33:51 Elite Varangian Guard
36:09 Plate Mail Armor
35:49 Murder Holes
37:42 Siege Engineers
37:10 Onager
38:45 Siege Onager
40:02 Halberdier
41:41 Hoardings
52:16 Capped Ram
edu_hen
2:37 Loom
11:45 Feudal Age
15:55 Castle Age
15:54 Double-Bit Axe
15:52 Horse Collar
17:17 Bow Saw
22:52 Wheelbarrow
23:55 Heavy Plow
24:16 Fervor
25:22 Hand Cart
30:30 Imperial Age
29:31 Chemistry
29:18 Forging
29:08 Scale Mail Armor
29:07 Fletching
29:17 Padded Archer Armor
29:49 Ballistics
30:36 Caravan
30:58 Murder Holes
31:17 Fortified Wall
31:31 Bodkin Arrow
31:52 Leather Archer Armor
31:07 Pikeman
31:59 Forging
32:13 Guilds
32:16 Squires
32:01 Arson
33:03 Conscription
35:43 Ring Archer Armor
35:14 Bracer
35:15 Scale Mail Armor
35:52 Iron Casting
37:30 Chain Mail Armor
37:25 Houfnice
38:48 Plate Mail Armor
39:19 Blast Furnace
39:28 Siege Engineers
42:50 Crossbowman
42:51 Elite Skirmisher
44:32 Bombard Tower
44:23 Masonry
47:11 Architecture
46:48 Scale Barding Armor
47:09 Halberdier
49:21 Chain Barding Armor
50:49 Two-Man Saw
52:57 Hussite Reforms
hello are you ok
1:04 Loom
10:52 Feudal Age
14:24 Castle Age
12:53 Double-Bit Axe
13:43 Horse Collar
15:12 Town Watch
15:25 Fishing Lines
22:18 Heavy Plow
25:06 Bow Saw
24:54 Gold Mining
26:36 Gold Shaft Mining
26:48 Gillnets
30:03 Husbandry
32:48 Imperial Age
31:00 Wheelbarrow
30:26 Stone Mining
31:11 Bloodlines
31:09 Scale Barding Armor
31:15 Forging
32:35 Chain Barding Armor
32:53 Tusk Swords
33:52 Stone Shaft Mining
33:57 Iron Casting
33:47 Hand Cart
33:45 Town Patrol
34:27 Crop Rotation
33:20 Elite Battle Elephant
36:07 Plate Barding Armor
36:33 Blast Furnace
35:59 Conscription
38:25 Ballistics
38:11 Murder Holes
42:05 Hoardings
41:00 Pikeman
41:27 Arson
42:44 Chemistry
49:53 Fortified Wall
49:52 Halberdier
52:01 Scale Mail Armor
51:53 Fletching
54:49 Chain Mail Armor
54:30 Bodkin Arrow
54:35 Padded Archer Armor
56:21 Bracer
BeeMan
4:30 Loom
11:21 Feudal Age
13:02 Double-Bit Axe
18:13 Castle Age
16:59 Fishing Lines
19:05 Gillnets
19:51 Bow Saw
19:57 Gold Mining
21:36 Wheelbarrow
26:30 Imperial Age
24:07 Stone Mining
25:24 Hand Cart
24:54 Town Watch
26:59 Gold Shaft Mining
26:53 Scale Barding Armor
26:59 Forging
26:56 Cavalier
29:14 Husbandry
30:14 Paladin
30:36 Light Cavalry
36:45 Chemistry
36:05 Ballistics
35:43 Murder Holes
38:03 Conscription
38:19 Hoardings
38:02 Caravan
38:36 Coinage
41:33 Chivalry
40:55 Elite Throwing Axeman
43:34 Banking
43:38 Chain Barding Armor
43:54 Iron Casting
45:34 Plate Barding Armor
47:28 Blast Furnace
50:44 Fletching
50:54 Padded Archer Armor
50:55 Scale Mail Armor
52:54 Elite Skirmisher
YanYan
0:27 Loom
12:56 Feudal Age
17:15 Castle Age
15:27 Double-Bit Axe
24:26 Gold Mining
26:35 Wheelbarrow
30:27 Imperial Age
28:37 Gold Shaft Mining
28:14 Forging
28:09 Scale Barding Armor
29:04 Hand Cart
30:15 Iron Casting
30:01 Chain Barding Armor
30:17 Bow Saw
30:03 Stone Mining
31:33 Conscription
31:14 Chivalry
31:36 Husbandry
30:57 Cavalier
33:03 Blast Furnace
32:38 Plate Barding Armor
32:27 Paladin
34:04 Caravan
41:53 Light Cavalry
KB
10:19 Feudal Age
13:13 Castle Age
27:50 Imperial Age
26:48 Wheelbarrow
25:58 Loom
26:04 Double-Bit Axe
28:30 Bow Saw
28:14 Gold Mining
29:02 Conscription
29:28 Hand Cart
29:11 Heavy Scorpion
31:25 Double Crossbow
32:29 Chemistry
31:50 Ballistics
35:02 Caravan
47:39 Capped Ram
48:42 Siege Ram
adam
10:18 Feudal Age
14:42 Castle Age
16:09 Double-Bit Axe
32:30 Imperial Age
30:35 Loom
31:17 Gold Mining
31:11 Horse Collar
32:57 Scale Barding Armor
33:03 Forging
32:46 Cavalier
33:26 Husbandry
33:37 Bloodlines
34:39 Conscription
35:22 Chain Barding Armor
35:38 Iron Casting
34:27 Savar
36:17 Gold Shaft Mining
36:50 Plate Barding Armor
36:16 Padded Archer Armor
36:06 Fletching
36:20 Kamandaran
38:43 Blast Furnace
39:55 Leather Archer Armor
39:08 Crossbowman
39:53 Thumb Ring
39:54 Heated Shot
41:06 Chemistry
41:39 Light Cavalry
42:52 Ring Archer Armor
42:18 Bodkin Arrow
43:24 Coinage
42:55 Caravan
43:05 Guilds
45:12 Hussar
47:30 Banking
50:57 Bow Saw
53:41 Heavy Plow
54:51 Two-Man Saw
58:58 Crop Rotation
獨居老毛
0:30 Loom
13:39 Feudal Age
17:37 Castle Age
16:50 Double-Bit Axe
17:16 Horse Collar
28:53 Heavy Plow
31:25 Imperial Age
29:35 Wheelbarrow
29:43 Bow Saw
30:02 Treadmill Crane
29:46 Pikeman
30:43 Forging
30:33 Scale Mail Armor
30:52 Hand Cart
30:42 Elite Skirmisher
32:00 Iron Casting
31:16 Fletching
31:26 Padded Archer Armor
32:40 Crop Rotation
31:34 Halberdier
33:47 Chemistry
33:21 Chain Mail Armor
35:17 Blast Furnace
34:12 Bodkin Arrow
35:02 Conscription
35:32 Leather Archer Armor
35:21 Malon
36:11 Plate Mail Armor
36:07 Masonry
38:49 Town Watch
39:37 Ring Archer Armor
39:07 Murder Holes
39:33 Ballistics
48:09 Architecture
47:38 Onager
58:45 Town Patrol
Connection lost

Rejoining the realm…

Still unreachable

The connection could not be restored.

Session expired

The server has moved on; the page needs a fresh start.